 Dungeon Crawl Stone Soup version 0.29-a0-553-g81b289dbe5 (webtiles) character file.

Game seed: 252688744179610972

196 shadowstone the Covered (level 5, -2/33 HPs)
             Began as a Gargoyle Fighter on June 6, 2022.
             Was a Believer of Wu Jian.
             Slain by Kazon's ghost (5 damage)
             ... on level 6 of the Dungeon.
             The game lasted 00:10:34 (3194 turns).

shadowstone the Covered (Gargoyle Fighter)          Turns: 3194, Time: 00:10:35

Health: -2/33      AC: 21    Str: 22    XL:     5   Next: 74%
Magic:  5/5        EV:  6    Int:  8    God:    Wu Jian [**....]
Gold:   251        SH:  4    Dex:  9    Spells: 4/4 levels left

rFire   . . .      SeeInvis .   a - +0 flail
rCold   . . .      Faith    .   c - +0 buckler
rNeg    + . .      Spirit   .   s - +0 plate armour
rPois   ∞          Reflect  .   q - +0 helmet
rElec   +          Harm     .   (no cloak)
rCorr   .          Rampage  .   l - +1 pair of gloves
Will    .....                   n - +1 pair of boots
Stlth   ..........              (no amulet)
HPRegen 0.11/turn               (no ring)
MPRegen 0.09/turn               (no ring)

@: no status effects
A: sickness immunity, AC +4, negative energy resistance 1, electricity
resistance, torment resistance 1, petrification resistance
a: Renounce Religion, Wall Jump


You were on level 6 of the Dungeon.
You worshipped Wu Jian.
Wu Jian was pleased with you.
You visited 1 branch of the dungeon, and saw 6 of its levels.

You collected 251 gold pieces.

Inventory:

Hand Weapons
 a - a +0 flail (weapon)
Missiles
 k - 2 curare-tipped darts (quivered)
Armour
 b - a +0 scale mail
 c - a +0 buckler (worn)
 g - a +0 chain mail
 l - a +1 pair of gloves (worn)
 n - a +1 pair of boots (worn)
 q - a +0 helmet (worn)
 s - a +0 plate armour (worn)
Jewellery
 p - a ring of willpower
Scrolls
 f - 9 scrolls of identify {unknown}
 i - a scroll of enchant armour {unknown}
 j - a scroll of immolation {unknown}
 r - a scroll of enchant weapon {unknown}
Potions
 d - 2 potions of might
 e - 2 potions of heal wounds {unknown}
 h - a potion of magic {unknown}
 m - a potion of invisibility {unknown}
 o - a potion of curing {unknown}


   Skills:
 + Level 3.9 Fighting
 + Level 3.6 Maces & Flails
 + Level 4.4 Armour
 + Level 1.2 Dodging
 + Level 0.5 Stealth
 + Level 3.9 Shields


You had 4 spell levels left.
You didn't know any spells.
Your spell library contained the following spells:

 Spells                   Type           Power      Damage    Failure   Level
 Magic Dart               Conj           0%         1d3       100%        1
 Searing Ray              Conj           0%         2d4       100%        2
 Call Canine Familiar     Summ           0%         N/A       100%        3
 Portal Projectile        Hex/Tloc       0%         N/A       100%        3
 Fulminant Prism          Conj/Hex       0%         3d6       100%        4
 Leda's Liquefaction      Hex/Erth       0%         N/A       100%        4


Dungeon Overview and Level Annotations

Branches:
Dungeon (6/15)
 Temple: D:4-7

Altars:
Ru
Wu Jian

Shops:
D:6 *

Annotations:
D:6 Kazon's ghost, novice MeFi


Innate Abilities, Weirdness & Mutations

You are immune to sickness and miasma.
Your stone body is resilient. (AC +4)
You are immune to poison.
You resist negative energy. (rN+)
You are resistant to electric shocks. (rElec)
You are resistant to unholy torment.
You are immune to petrification.


Message History

You completely miss Kazon's ghost.
Kazon's ghost is heavily damaged.
Kazon's ghost hits you.
* * * LOW HITPOINT WARNING * * *
You closely miss Kazon's ghost.
Kazon's ghost is heavily damaged.
Kazon's ghost hits you but does no damage.
You barely miss Kazon's ghost.
Kazon's ghost is heavily damaged.
Kazon's ghost hits you.
* * * LOW HITPOINT WARNING * * *
You hit Kazon's ghost but do no damage.
Kazon's ghost is heavily damaged.
You block Kazon's ghost's attack.
You hit Kazon's ghost but do no damage.
Kazon's ghost is heavily damaged.
Kazon's ghost hits you but does no damage. x2
You hit Kazon's ghost but do no damage.
Kazon's ghost is heavily damaged.
Kazon's ghost hits you.
* * * LOW HITPOINT WARNING * * *
You closely miss Kazon's ghost.
Kazon's ghost is heavily damaged.
Kazon's ghost completely misses you.
You hit Kazon's ghost.
Kazon's ghost is severely damaged.
Kazon's ghost hits you but does no damage. x2
You hit Kazon's ghost.
Kazon's ghost is severely damaged.
Kazon's ghost completely misses you.
You hit Kazon's ghost.
Kazon's ghost is severely damaged.
Kazon's ghost barely misses you.
You hit Kazon's ghost but do no damage.
Kazon's ghost is severely damaged.
Kazon's ghost hits you but does no damage.
You barely miss Kazon's ghost.
Kazon's ghost is severely damaged.
Kazon's ghost hits you.
You die...

#.# #.# .## # ## #.# ...
#≈##.#####.# #.###
##...#..##.#### #....
...≈.#........# #####..
##≈≈#≈'...#.##.###......
#.$.≈.W@..............†.
##§≈⌠.#...#.##.###.##...
#.#..#.....##.# #.###..
#..##........# #.# #..
### #..####### #.# #.#
#.## #.# #.# #.# #.###)#
#.# #<..... #####.#


You could see Kazon's ghost.

Vanquished Creatures
  A necrophage (D:4)
  An orc priest (D:3)
  5 adders
  2 worms (D:2)
  3 orcs
  6 ball pythons
  2 bats (D:1)
  4 endoplasms
  2 giant cockroaches (D:1)
  8 goblins
  3 hobgoblins
  5 kobolds
  2 quokkas
  3 frilled lizards
  4 rats
51 creatures vanquished.

Notes
Turn   | Place    | Note
-------+----------+-------------------------------------------
     0 | D:1      | shadowstone the Gargoyle Fighter began the quest for the
                  | Orb.
     0 | D:1      | Reached XP level 1. HP: 14/14 MP: 1/1
   471 | D:1      | Reached XP level 2. HP: 13/19 MP: 2/2
   818 | D:1      | Found a faded altar of an unknown god.
   900 | D:1      | Prayed at the altar of an unknown god.
   900 | D:1      | Became a worshipper of the Wu Jian Council
   900 | D:1      | Reached * piety under Wu Jian
  1121 | D:1      | Reached XP level 3. HP: 16/24 MP: 3/3
  1468 | D:2      | Reached skill level 4 in Armour
  1698 | D:3      | Reached XP level 4. HP: 27/29 MP: 4/4
  2417 | D:4      | Reached ** piety under Wu Jian
  2418 | D:4      | Reached skill level 1 in Dodging
  2437 | D:4      | Noticed a necrophage
  2450 | D:4      | Killed a necrophage
  2451 | D:4      | Reached XP level 5. HP: 25/33 MP: 5/5
  2588 | D:5      | Entered Level 5 of the Dungeon
  2942 | D:6      | Found Feumesk's Assorted Antiques.
  2981 | D:6      | Found a sacrificial altar of Ru.
  3144 | D:6      | Found a large runed translucent door.
  3144 | D:6      | Found a large runed translucent door.
  3148 | D:6      | Noticed Kazon's ghost (novice MeFi)
  3194 | D:6      | Slain by Kazon's ghost

Illustrated notes

Levels and vault maps discovered:
D:1:      amcnicky_arrival_flooded_fountain, layout_basic,
          shapermc_ecumenical_altar_starsandcircs
D:2:      layout_rooms, basic_altar, uniq_jessica, uniq_crazy_yiuf_cottage
D:3:      layout_basic, mainiacjoe_overflow_small_starburst,
          nicolae_overflow_quartered_altars, gammafunk_ghost_grave,
          minmay_fountain_box, minmay_liquid_box, hangedman_glass_teeth
D:4:      layout_gridville, minmay_cupped, uniq_natasha
D:5:      layout_loops_corners
D:6:      layout_loops_corners, mainiacjoe_overflow_alcove_1, temple_fountains,
          ebering_ghost_disaster_area, serial_shops, nicolae_take_the_stairs

Skill      XL: |  1  2  3  4 |
---------------+-------------+-----
Armour         | 4 |  4.4
Dodging        | 1 |  1.2
Maces & Flails | 3 |  3.6
Fighting       | |  3.9
Stealth        | |  0.5
Shields        | |  3.9

Action                   |  1- 3 |  4- 6 || total
-------------------------+-------+-------++-------
Melee: Flail             |   177 |   100 ||   277
Invok: Whirlwind         |    25 |     8 ||    33
       Lunge             |     1 |     2 ||     3
Armor: Scale mail        |   145 |     9 ||   154
       Plate armour      |       |    51 ||    51
Dodge: Dodged            |   117 |    33 ||   150
Block: Buckler           |    50 |    18 ||    68

Table legend: (Time is in decaauts)
 A = Elapsed time spent in this place.
 B = Non-inter-level travel time spent in this place.
 C = Inter-level travel time spent in this place.
 D = Time resting spent in this place.
 E = Time spent auto-exploring this place.
 F = Levels seen in this place.
 G = Mean time per level.
                   A        B        C        D        E       F      G
               +--------+--------+--------+--------+--------+-----+--------+
         Total |   3278 |   3266 |     12 |    591 |      0 |   6 |  546.3 |
       Dungeon |   3278 |   3266 |     12 |    591 |      0 |   6 |  546.3 |
               +--------+--------+--------+--------+--------+-----+--------+

Top non-repeatable levels by time:
     D:1: 1384 daAuts
     D:3: 750 daAuts
     D:6: 379 daAuts
     D:2: 341 daAuts
     D:5: 243 daAuts
     D:4: 180 daAuts
